AoeStats
← persephone9

Black Forest

503377254Analyzed
2v2 RM · 1mo ago on Aug 31, 2026· 55m 33s· 4 players
Game mode
Random Map
Map size
Medium (4 player)
Population
200
Speed
Normal
Resources
Standard
Victory
Conquest
Starting age
Dark Age
Ending age
Imperial Age
RankedLock teamsTeams togetherTeam positionsShared explorationLock speedFull tech treeHidden civsTurbo modeCheats
Victory
Defeat
🇨🇴 Wei · Colombia
707
+15
🇺🇸 Jurchens · United States
677
+16
🇺🇸 Bohemians · United States
720
-17
🇩🇪 Vietnamese · Germany
648
-14
KaputLand6596
0:27 Loom
15:16 Feudal Age
17:10 Wheelbarrow
16:31 Double-Bit Axe
16:38 Horse Collar
22:27 Castle Age
20:14 Fishing Lines
24:43 Heavy Plow
27:38 Bow Saw
28:20 Stone Mining
28:59 Gold Mining
29:38 Hand Cart
31:04 Gillnets
31:45 Caravan
35:50 Padded Archer Armor
35:41 Fletching
36:02 Forging
37:19 Gold Shaft Mining
39:29 Imperial Age
38:41 Iron Casting
38:12 Scale Barding Armor
38:03 Bodkin Arrow
38:25 Leather Archer Armor
41:31 Conscription
41:23 Thunderclap Bombs
41:13 Pikeman
41:56 Squires
41:42 Arson
42:20 Chain Barding Armor
43:01 Blast Furnace
41:50 Elite Iron Pagoda
42:58 Halberdier
45:06 Plate Barding Armor
46:41 Guilds
47:37 Hoardings
47:12 Murder Holes
47:38 Ballistics
48:11 Siege Engineers
49:53 Masonry
ElLorenzuwu
0:28 Loom
13:33 Feudal Age
14:11 Horse Collar
14:20 Double-Bit Axe
15:09 Man-at-Arms
16:37 Arson
17:00 Scale Mail Armor
18:11 Forging
19:04 Wheelbarrow
24:29 Castle Age
23:10 Gold Mining
23:11 Stone Mining
23:31 Scale Barding Armor
24:38 Town Watch
25:23 Husbandry
25:37 Bloodlines
27:41 Chain Barding Armor
29:56 Fletching
30:33 Bow Saw
37:55 Imperial Age
35:25 Murder Holes
35:42 Fortified Wall
35:04 Long Swordsman
35:45 Squires
37:23 Ballistics
36:45 Treadmill Crane
37:15 Masonry
38:32 Iron Casting
37:54 Bodkin Arrow
38:15 Chain Mail Armor
39:02 Gold Shaft Mining
38:01 Heavy Hei Guang Cavalry
39:19 Hand Cart
39:10 Town Patrol
39:36 Heavy Plow
44:26 Blast Furnace
42:57 Elite Skirmisher
44:34 Padded Archer Armor
44:35 Bracer
46:11 Chemistry
46:18 Caravan
47:41 Hoardings
47:36 Ming Guang Armor
47:32 Conscription
49:02 Thumb Ring
53:20 Leather Archer Armor
53:41 Conscription
persephone9
0:39 Loom
13:45 Feudal Age
14:26 Town Watch
24:41 Castle Age
22:51 Horse Collar
23:02 Fletching
23:00 Double-Bit Axe
26:45 Fervor
33:33 Imperial Age
32:59 Chemistry
32:56 Caravan
33:52 Murder Holes
34:07 Fortified Wall
34:18 Ballistics
36:37 Conscription
36:35 Siege Engineers
39:20 Bodkin Arrow
39:42 Bow Saw
39:58 Heavy Plow
40:19 Bracer
45:47 Houfnice
47:48 Two-Man Saw
48:59 Elite Hussite Wagon
bobozius
15:44 Feudal Age
16:15 Double-Bit Axe
16:13 Horse Collar
17:31 Wheelbarrow
22:24 Gold Mining
22:26 Stone Mining
26:08 Castle Age
25:38 Fletching
25:49 Padded Archer Armor
25:51 Scale Mail Armor
26:02 Forging
25:58 Scale Barding Armor
26:51 Heavy Plow
27:03 Bow Saw
28:05 Hand Cart
30:02 Caravan
30:50 Treadmill Crane
32:32 Stone Shaft Mining
33:09 Fortified Wall
36:17 Imperial Age
34:22 Bodkin Arrow
34:54 Guard Tower
38:09 Chemistry
36:33 Elite Rattan Archer
38:57 Crop Rotation
39:31 Two-Man Saw
40:25 Husbandry
39:46 Elite Battle Elephant
39:46 Cavalier
42:48 Bracer
43:04 Leather Archer Armor
45:00 Ring Archer Armor
44:46 Chain Mail Armor
45:06 Iron Casting
44:52 Chain Barding Armor
46:33 Town Watch
46:56 Siege Engineers
47:28 Keep
47:14 Bombard Tower
47:15 Ballistics
48:14 Plate Mail Armor
49:16 Town Patrol
49:37 Elite Skirmisher
51:20 Plate Barding Armor
50:16 Imperial Skirmisher
52:41 Onager
Connection lost

Rejoining the realm…

Still unreachable

The connection could not be restored.

Session expired

The server has moved on; the page needs a fresh start.